 Dungeon Crawl Stone Soup version 0.27.0-66-gdc8fb28755 (webtiles) character file.

Game seed: 18070249135876079002

58883 Kinoniko the Fencer (level 14, 0/153 HPs)
             Began as a Red Draconian Berserker on Aug 20, 2021.
             Was a High Priest of Trog.
             Slain by a merfolk impaler (9 damage)
             ... on level 12 of the Dungeon.
             The game lasted 00:24:56 (22613 turns).

Kinoniko the Fencer (Red Draconian Berserker)      Turns: 22613, Time: 00:24:57

Health: 0/153      AC: 21    Str: 20    XL:     14   Next: 51%
Magic:  13/14      EV: 19    Int:  8    God:    Trog [*****.]
Gold:   1658       SH:  0    Dex: 15    Spells: 13/13 levels left

rFire    + . .     SeeInvis .   J - +4 great sword (vorpal)
rCold    . . .     Faith    +   (shield currently unavailable)
rNeg     . . .     Spirit   .   (armour unavailable)
rPois    .         Reflect  .   L - +1 hat
rElec    .         Harm     .   v - +2 cloak
rCorr    .         Rampage  .   y - +1 pair of gloves
Will     ++...                  i - +2 pair of boots
Stlth    ..........             O - amulet of faith
HPRegen  0.35/turn              k - ring of willpower
MPRegen  0.14/turn              n - +4 ring of protection

@: berserking, lethally poisoned (0 -> -25), studying Crossbows, very quick
A: breathe fire, AC +8, unfitting armour, fire resistance 1, cold-blooded
a: Breathe Fire, Renounce Religion, Berserk, Trog's Hand, Brothers in Arms


You were on level 12 of the Dungeon.
You worshipped Trog.
Trog was extremely pleased with you.
You visited 2 branches of the dungeon, and saw 19 of its levels.

You collected 1688 gold pieces.
You spent 30 gold pieces at shops.

Inventory:

Hand Weapons
 a - a +0 falchion
 j - a +3 long sword of holy wrath
 J - a +4 vorpal great sword (weapon)
 P - a +3 vorpal great sword
 U - a +2 scimitar of flaming
Missiles
 b - 3 curare-tipped darts (quivered)
Armour
 i - a +2 pair of boots (worn)
 t - a +0 kite shield
 v - a +2 cloak (worn)
 y - a +1 pair of gloves (worn)
 F - a scarf of shadows
 L - a +1 hat (worn)
Jewellery
 k - a ring of willpower (left hand)
 n - a +4 ring of protection (right hand)
 A - a ring of willpower
 D - a +6 ring of intelligence
 O - an amulet of faith (around neck)
 S - a +4 ring of protection
Wands
 c - a wand of polymorph (24)
 l - a wand of acid (18)
 u - a wand of flame (89)
 I - a wand of digging (11)
 M - a wand of charming (11)
 T - a wand of iceblast (4)
 V - a wand of mindburst (19)
Scrolls
 f - 2 scrolls of magic mapping
 g - 4 scrolls of fear
 p - 3 scrolls of teleportation
 q - 3 scrolls of silence
 s - a scroll of holy word
 z - 5 scrolls of immolation
 B - 5 scrolls of identify
 E - 2 scrolls of torment
 K - a scroll of summoning
 R - 2 scrolls of fog
Potions
 d - 2 potions of resistance
 e - 3 potions of mutation
 h - 2 potions of heal wounds
 m - 4 potions of flight
 o - 5 potions of attraction
 r - 4 potions of haste
 w - 2 potions of lignification
 x - 2 potions of might
 C - 3 potions of invisibility
 G - 2 potions of berserk rage
 H - 8 potions of curing
 N - a potion of ambrosia
 Q - 2 potions of brilliance


   Skills:
 - Level 3.2 Fighting
 * Level 19.6 Long Blades
 + Level 13.7 Dodging


You had 13 spell levels left.
You didn't know any spells.
Your spell library was empty.

Dungeon Overview and Level Annotations

Branches:
Dungeon (14/15)            Temple (0/1) D:4            Lair (5/6) D:10
  Swamp (0/4) Lair:4       Spider (0/4) Lair:3        Slime (0/5) Lair:5
    Orc (0/2) D:11
 Vaults: D:13-14

Altars:
Ashenzari
Elyvilon
Hepliaklqana
Nemelex Xobeh
Okawaru
Qazlal
Ru
Uskayaw
Wu Jian

Shops:
D:6 ?   D:8 *   D:10 *   D:14 :

Portals:
Trove: D:13 (show abyssal rune of Zot)

Annotations:
D:10 2 transporters, Lakmaran's ghost, journeyman PaCK
D:12 fram's ghost, journeyman DDFi
D:14 1 runed translucent door, Roxanne; fram's ghost, adept NaIE
Lair:5 exclusion: 2 oklob plants


Innate Abilities, Weirdness & Mutations

You can breathe blasts of fire.
Your fiery red scales are hard. (AC +8)
You cannot fit into any form of body armour.
Your flesh is heat resistant. (rF+)
You are cold-blooded and may be slowed by cold attacks.


Message History

You feel sick.
Your troll bites fram's ghost!
Your troll claws fram's ghost!
Your troll claws fram's ghost but does no damage.
The merfolk impaler hits you from afar with a +2 demon trident of venom.
You are more poisoned.
The tengu warrior hits your troll with a +2 antimagic long sword!
The tengu warrior closely misses your troll.
The tengu warrior claws your troll.
The centaur warrior unwields a +0 shortbow.
The centaur warrior hits your troll!
Your troll dies!
Your troll's corpse disappears in a puff of smoke!
You completely miss fram's ghost.
Fram's ghost is almost destroyed.
You feel very sick. Fram's ghost hits you!
* * * LOW HITPOINT WARNING * * *
The merfolk impaler hits you but does no damage.
You are lethally poisoned!
You barely miss fram's ghost.
Fram's ghost is almost destroyed.
* * * LOW HITPOINT WARNING * * *
You feel very sick.
The centaur warrior wields a +0 shortbow.
The centaur warrior shoots an arrow.
The arrow hits you!
* * * LOW HITPOINT WARNING * * *
The merfolk impaler barely misses you.
Unknown command.
Unknown command.
You slash fram's ghost!
Fram's ghost is almost destroyed.
* * * LOW HITPOINT WARNING * * *
You feel very sick. Fram's ghost barely misses you.
Unknown command.
You hit fram's ghost.
Fram's ghost is almost destroyed.
* * * LOW HITPOINT WARNING * * *
You feel very sick.
The merfolk impaler hits you from afar with a +2 demon trident of venom!
You die...

###....# #......)).
##..#.#...#_#...#.......))
#)....#...$)[...#.........
###)>...#.#8...8#.#.........
###..#.)..#.........#.....#...
#.........#.#8...8#.#.....##..
####...#.....#mccm.....#.....##..
#......#.....####W''####.........
#...............@Qc....#........#
#...........#...##.....#.......##
##..........###........#.......##
###........##....<.............#
##.###...###................##
### ##.## #<#...#..........## ###
###...##..........#
#......##......##
###....##........


You could see 2 merfolk impalers, a tengu warrior, 3 centaur warriors and fram's
ghost.

Vanquished Creatures
  Kirke (D:14)
  Gastronok (Lair:1)
  Azrael (D:12)
  A dire elephant (Lair:5)
  Josephine (D:11)
  A rakshasa (D:14)
  10 hydras
  2 boulder beetles
  A two-headed ogre (D:10)
  2 centaur warriors (D:13)
  8 death yaks
  Sonja (D:10)
  2 fire crabs (Lair:5)
  4 skeletal warriors
  An ugly thing (D:12)
  An orb spider (Lair:3)
  A wolf spider (Lair:5)
  6 cyclopes
  A salamander (Lair:3)
  2 manticores (D:12)
  An elephant (D:10)
  4 black mambas
  An elephant (shapeshifter) (D:14)
  A gargoyle (D:14)
  8 cane toads
  3 torpor snails
  A rime drake (Lair:5)
  A tengu conjurer (D:13)
  2 ice devils (D:12)
  A freezing wraith (D:13)
  13 komodo dragons
  A hornet (Lair:5)
  2 dream sheep (Lair:5)
  A blink frog (Lair:5)
  A meliai zombie (D:11)
  4 slime creatures (D:13)
  3 water elementals (D:13)
  4 wyverns
  Sigmund (D:3)
  A vampire (D:11)
  25 yaks
  3 wraiths (D:11)
  A fire elemental (D:12)
  3 steam dragons
  3 basilisks
  2 hogs (D:14)
  11 vampire mosquitoes
  5 hell hounds (D:12)
  23 water moccasins
  2 ice beasts
  6 black bears
  3 sky beasts (D:6)
  2 necrophages
  A hornet zombie (D:7)
  3 wolves (Lair:5)
  5 centaurs
  3 phantoms
  10 bullfrogs
  3 kobold brigands
  5 scorpions
  2 gnoll sergeants (D:7)
  A wyvern skeleton (D:7)
  7 howler monkeys
  7 wights
  7 killer bees
  9 electric eels
  5 centaur zombies
  2 bullfrog zombies
  3 hounds
  2 orc priests
  2 jellies (D:6)
  Crazy Yiuf (D:7)
  3 centaur skeletons
  A gnoll shaman (D:8)
  2 bullfrog skeletons
  An iguana (D:5)
  Ijyb (D:4)
  4 orc wizards
  A killer bee zombie (D:8)
  A howler monkey zombie (D:6)
  8 gnolls
  2 howler monkey skeletons (D:7)
  12 adders
  3 shadow imps
  5 white imps
  An adder skeleton (D:4)
  3 worms
  4 dart slugs
  14 orcs
  6 ball pythons
  8 bats
  4 endoplasms
  5 giant cockroaches
  11 goblins
  9 hobgoblins
  11 jackals
  11 kobolds
  4 quokkas
  3 frilled lizards
  4 rats
411 creatures vanquished.

Vanquished Creatures (collateral kills)
  A boulder beetle (D:14)
  An orc warrior (D:12)
2 creatures vanquished.

Vanquished Creatures (others)
  A human (D:14)
  A centaur (D:9)
  5 fungi
  5 plants
  2 withered plants (D:14)
14 creatures vanquished.

Grand Total: 427 creatures vanquished

Notes
Turn   | Place    | Note
-------+----------+-------------------------------------------
     0 | D:1      | Kinoniko the Draconian Berserker began the quest for the
                  | Orb.
     0 | D:1      | Reached XP level 1. HP: 19/19 MP: 1/1
   371 | D:1      | Reached XP level 2. HP: 26/26 MP: 2/2
   733 | D:1      | Reached ** piety under Trog
   862 | D:1      | Reached XP level 3. HP: 31/31 MP: 3/3
   937 | D:2      | Reached skill level 4 in Long Blades
  1474 | D:2      | Reached XP level 4. HP: 37/38 MP: 4/4
  1819 | D:3      | Reached *** piety under Trog
  2050 | D:3      | Found a faded altar of an unknown god.
  2056 | D:3      | Noticed Sigmund
  2067 | D:3      | Killed Sigmund
  2068 | D:3      | Reached skill level 5 in Long Blades
  2068 | D:3      | Reached XP level 5. HP: 45/45 MP: 5/5
  2168 | D:4      | Found a hide-covered altar of Uskayaw.
  2265 | D:4      | Noticed a black bear
  2271 | D:4      | Killed a black bear
  2272 | D:4      | Reached skill level 6 in Long Blades
  2272 | D:4      | Reached XP level 6. HP: 51/51 MP: 6/6
  2445 | D:4      | Found a staircase to the Ecumenical Temple.
  2504 | D:4      | Noticed a water moccasin
  2510 | D:4      | Killed a water moccasin
  2511 | D:4      | Your scales start taking on a fiery red colour.
  2511 | D:4      | Reached XP level 7. HP: 57/57 MP: 7/7
  2511 | D:4      | Gained mutation: Your flesh is heat resistant. (rF+) [Red
                  | Draconian growth]
  2681 | D:4      | Found a hazy altar of Hepliaklqana.
  2693 | D:4      | Noticed Ijyb
  2708 | D:4      | Killed Ijyb
  2709 | D:4      | Reached skill level 7 in Long Blades
  3052 | D:5      | Entered Level 5 of the Dungeon
  3100 | D:5      | Reached skill level 5 in Dodging
  3516 | D:5      | Reached skill level 8 in Long Blades
  3517 | D:5      | Reached XP level 8. HP: 60/63 MP: 8/8
  3765 | D:6      | Reached **** piety under Trog
  4131 | D:6      | Reached skill level 9 in Long Blades
  4357 | D:6      | Reached skill level 10 in Long Blades
  4383 | D:6      | Found a broken altar of Ashenzari.
  4394 | D:6      | Reached XP level 9. HP: 66/70 MP: 9/9
  4656 | D:6      | Found Venicw's Magic Scroll Shop.
  4942 | D:7      | Found a stormy altar of Qazlal.
  4978 | D:7      | Reached skill level 11 in Long Blades
  5133 | D:7      | HP: 3/70 [poisoned by a water moccasin]
  5379 | D:7      | Reached ***** piety under Trog
  5595 | D:7      | Found a runed translucent door.
  5596 | D:7      | Noticed Crazy Yiuf
  6193 | D:7      | Killed Crazy Yiuf
  6194 | D:7      | Reached XP level 10. HP: 77/77 MP: 8/10
  6278 | D:8      | Reached skill level 12 in Long Blades
  6341 | D:8      | You fall into a shaft and drop 1 floor!
  6744 | D:8      | Found Gecleima's CLEARANCE SALE! EVERYTHING MUST GO!.
  7214 | D:9      | Found a sparkling altar of Nemelex Xobeh.
  7337 | D:9      | Reached skill level 13 in Long Blades
  7638 | D:10     | Entered Level 10 of the Dungeon
  7638 | D:10     | Found an ornate altar of the Wu Jian Council.
  7643 | D:10     | Noticed a two-headed ogre
  7655 | D:10     | Killed a two-headed ogre
  7925 | D:10     | Found Ruthreal's General Store.
  7943 | D:10     | Bought a potion of curing for 30 gold pieces
  8003 | D:10     | Noticed Sonja
  8019 | D:10     | Killed Sonja
  8020 | D:10     | Reached XP level 11. HP: 61/82 MP: 11/11
  8302 | D:10     | Found a staircase to the Lair.
  8312 | D:10     | Received a gift from Trog
  8518 | D:10     | Noticed Lakmaran's ghost (journeyman PaCK)
  8527 | D:10     | Reached skill level 14 in Long Blades
  8636 | D:10     | Found a transporter.
  8652 | D:10     | Found a transporter.
  8695 | D:10     | Found a sacrificial altar of Ru.
  9167 | D:11     | Reached skill level 10 in Dodging
  9451 | D:11     | Noticed a six-headed hydra
  9462 | D:11     | Killed a 14-headed hydra
  9705 | D:11     | Found a staircase to the Orcish Mines.
  9767 | D:11     | Noticed Josephine
  9776 | D:11     | Killed Josephine
  9777 | D:11     | Reached skill level 15 in Long Blades
 10239 | Lair:1   | Entered Level 1 of the Lair of Beasts
 10576 | Lair:1   | Noticed Gastronok
 10589 | Lair:1   | Killed Gastronok
 10812 | Lair:1   | Reached XP level 12. HP: 89/89 MP: 12/12
 11054 | Lair:1   | Noticed an eight-headed hydra
 11060 | Lair:1   | Killed an 11-headed hydra
 12209 | Lair:3   | Reached skill level 16 in Long Blades
 12562 | Lair:3   | Found a hole to the Spider Nest.
 12784 | Lair:3   | Noticed a five-headed hydra
 12793 | Lair:3   | Killed a ten-headed hydra
 13326 | Lair:3   | Noticed a death yak
 13327 | Lair:3   | Noticed a death yak
 13327 | Lair:3   | Noticed a death yak
 13327 | Lair:3   | Noticed a death yak
 13327 | Lair:3   | Noticed a death yak
 13328 | Lair:3   | Noticed a death yak
 13347 | Lair:3   | Killed a death yak
 13353 | Lair:3   | Killed a death yak
 13359 | Lair:3   | Killed a death yak
 13365 | Lair:3   | Killed a death yak
 13371 | Lair:3   | Killed a death yak
 13371 | Lair:3   | Received a gift from Trog
 13376 | Lair:3   | Killed a death yak
 13673 | Lair:3   | Reached skill level 17 in Long Blades
 14739 | Lair:4   | Noticed a death yak
 14740 | Lair:4   | Noticed a death yak
 14755 | Lair:3   | Killed a death yak
 14761 | Lair:4   | Killed a death yak
 14762 | Lair:4   | Reached XP level 13. HP: 65/94 MP: 13/13
 15584 | Lair:4   | Found a staircase to the Swamp.
 16070 | Lair:5   | Found a staircase to the Slime Pits.
 16785 | Lair:5   | Noticed a dire elephant
 16793 | Lair:5   | Killed a dire elephant
 16794 | Lair:5   | Reached skill level 18 in Long Blades
 17432 | Lair:5   | Received a gift from Trog
 17795 | Lair:5   | Identified the +4 chain mail "Quboceoh" {Str+4}
 19173 | D:12     | Found a runed translucent gate.
 19173 | D:12     | Found a runed translucent gate.
 19174 | D:12     | Found a runed translucent gate.
 19174 | D:12     | Noticed a merfolk impaler
 19175 | D:12     | Found the +7 pair of quick blades "Gyre" and "Gimble"
                  | {protect}
 19175 | D:12     | Noticed fram's ghost (journeyman DDFi)
 19175 | D:12     | Noticed a merfolk impaler
 19363 | D:12     | Found a frozen archway.
 19377 | D:12     | Reached XP level 14. HP: 102/102 MP: 14/14
 19676 | D:12     | Found an iron altar of Okawaru.
 19692 | D:13     | Noticed Azrael
 19699 | D:12     | Killed Azrael
 19875 | D:12     | Reached skill level 19 in Long Blades
 20447 | D:13     | You fall into a shaft and drop 1 floor!
 20454 | D:14     | Noticed Roxanne
 20470 | D:14     | Found a runed translucent door.
 20471 | D:14     | Noticed fram's ghost (adept NaIE)
 20510 | D:14     | Noticed Kirke
 20538 | D:14     | HP: 6/153 [hog[Kirke] (8)]
 20539 | D:14     | Killed Kirke
 20717 | D:14     | Found Cuxzonui's Book Emporium.
 21040 | D:14     | Found a white marble altar of Elyvilon.
 22026 | D:13     | Found a portal to a secret trove of treasure.
 22613 | D:12     | Slain by a merfolk impaler

Illustrated notes

Levels and vault maps discovered:
D:1:      wander_arrival_peaceful_grave, layout_loops_corners,
          minmay_misc_feat_roman, minivault_4
D:2:      layout_basic
D:3:      layout_rooms, hellmonk_ecumenical_altar_leap_of_faith, uniq_sigmund
D:4:      kennysheep_the_goblin_king, layout_loops_ring,
          mainiacjoe_overflow_catch_the_wave, minmay_temple_entry_stoned_glass
D:5:      minmay_spotlight, layout_rooms
D:6:      layout_gridville, mainiacjoe_overflow_alcove_1, serial_shops,
          shop_fountains, minmay_alternating_orb
D:7:      layout_cave_pools, nicolae_qazlal_style_of_elements,
          grunt_ministairs_2, minmay_joined_circles, uniq_crazy_yiuf_cottage
D:8:      layout_basic, chequers_avenue, hangedman_decor_opposing,
          nicolae_shop_clearance
D:9:      layout_cave_pools, kennysheep_mini_moat
D:10:     layout_roguey, mainiacjoe_overflow_tiny_flanked,
          kennysheep_little_box, david_lair_generic, gammafunk_ghost_mausoleum,
          serial_shops, nicolae_shop_window_shopping, uniq_sonja
D:11:     layout_cave_pools, orc_0_dummy, uniq_josephine
D:12:     layout_cave_pools, portal_ice_cave_demonic_guard,
          gammafunk_ghost_fury_of_okawaru
D:13:     layout_basic, enter_trove_6, uniq_azrael
D:14:     layout_big_octagon, david_vaults_4, kennysheep_doodads, serial_shops,
          nicolae_lakefront_shop, gammafunk_ghost_grave,
          minmay_misc_feat_hallway, elyvilon_altar_4, uniq_kirke, uniq_roxanne
Lair:1:   layout_misc_corridors, minivault_19, uniq_gastronok
Lair:2:   layout_loops_ring
Lair:3:   layout_gridlike, nicolae_spider_entry_orb_guardian, minmay_hedge_maze,
          grunt_megastairs_2
Lair:4:   layout_regular_city, minmay_swamp_entry_swarm
Lair:5:   nzn_winding_woodlands_large [nzn_winding_woodlands_5x5_cross,
          nzn_winding_woodlands_5x15_longhouse,
          nzn_winding_woodlands_5x5_open_star,
          nzn_winding_woodlands_center_triple_pond,
          nzn_winding_woodlands_15x15_boxy_spiral,
          nzn_winding_woodlands_center_pierced_h,
          nzn_winding_woodlands_hourglass, nzn_winding_woodlands_5x15_pockets,
          nzn_winding_woodlands_5x5_closed_star], layout_cave_shapes,
          minmay_slime_entry_oklob_open, cheibrodos_lair_reptile_den

Skill      XL: |  1  2  3  4  5  6  7  8  9 10 11 12 13 14 |
---------------+-------------------------------------------+-----
Dodging        | 3 4 5 6 8 9 10 12 13 | 13.7
Long Blades    | 4 5 6 8 10 11 13 15 17 18 19 | 19.6
Fighting       | |  3.2

Action                   |  1- 3 |  4- 6 |  7- 9 | 10-12 | 13-15 || total
-------------------------+-------+-------+-------+-------+-------++-------
Melee: Falchion          |   106 |       |       |       |       ||   106
       Tailslap          |    15 |     7 |    46 |    88 |    98 ||   254
       Long sword        |     7 |    52 |   250 |   177 |       ||   486
       Great sword       |       |       |       |   269 |   464 ||   733
       Unarmed           |       |       |       |       |    15 ||    15
Invok: Berserk           |     1 |     4 |     9 |    20 |    27 ||    61
       Brothers in Arms  |       |       |       |       |     2 ||     2
 Abil: Breathe Fire      |       |       |     1 |     7 |     2 ||    10
  Use: Scroll            |       |       |     9 |    20 |     3 ||    32
       Potion            |       |       |     3 |     2 |     3 ||     8
 Stab: Sleeping          |     1 |       |     1 |     1 |     1 ||     4
Armor: Skin              |    44 |    22 |   110 |   208 |   208 ||   592
Dodge: Dodged            |    88 |    59 |   207 |   331 |   384 ||  1069
       Rpst.: Falchion   |    21 |       |       |       |       ||    21
       Long sword        |       |    21 |    59 |    32 |       ||   112
       Great sword       |       |       |       |    42 |    80 ||   122
